 Dungeon Crawl Stone Soup version 0.23.2-30-g0e89c35649 (webtiles) character file.

Game seed: 7668068538771858723

921 HASTUR3 the Covert (level 7, 0/46 HPs)
             Began as a Vampire Enchanter on June 16, 2019.
             Slain by Prince Ribbit (13 damage)
             ... on level 5 of the Dungeon.
             The game lasted 00:26:23 (7910 turns).

HASTUR3 the Covert (Vampire Enchanter)              Turns: 7910, Time: 00:26:24

Health: 0/46       AC:  2    Str:  7    XL:     7   Next: 84%
Magic:  0/10       EV: 12    Int: 20    God:
Gold:   227        SH:  0    Dex: 14    Spells: 1/10 levels left

rFire    . . .     SeeInvis +   a - +1 dagger
rCold    + . .     Gourm    .   (no shield)
rNeg     + + .     Faith    .   b - +0 robe
rPois    +         Spirit   .   (no helmet)
rElec    .         Reflect  .   (no cloak)
rCorr    .         Harm     .   (no gloves)
MR       .....                  (no boots)
Stlth    ++++++....             (no amulet)
HPRegen  0.07/turn              (no ring)
MPRegen  0.12/turn              (no ring)

@: regenerating slowly, hasted, very quick
A: fangs 3, see invisible, unbreathing
a: Bat Form


You were on level 5 of the Dungeon.
You were very thirsty.

You visited 1 branch of the dungeon, and saw 5 of its levels.

You collected 227 gold pieces.

Inventory:

Hand Weapons
 a - a +1 dagger (weapon)
Armour
 b - a +0 robe (worn)
Jewellery
 m - a cursed ring of attention {unknown}
 r - an uncursed ring of magical power {unknown}
 u - a cursed ring of attention {unknown}
Wands
 q - a wand of enslavement (4)
Scrolls
 c - 2 scrolls of fear {unknown}
 e - 3 scrolls of identify {unknown}
 f - a scroll of immolation {unknown}
 g - a scroll of fog {unknown}
 l - 5 scrolls of teleportation {unknown}
 s - a scroll of remove curse {unknown}
 t - a scroll of magic mapping {unknown}
 v - a scroll of enchant weapon {unknown}
 w - a scroll of amnesia {unknown}
Potions
 d - 5 potions of blood
 h - 5 potions of degeneration {unknown}
 j - a potion of agility {unknown}
 k - a potion of invisibility {unknown}
 n - a potion of flight {unknown}
 o - 3 potions of cancellation {unknown}
 p - a potion of curing {unknown}
 x - a potion of brilliance {unknown}


   Skills:
 - Level 6.4 Short Blades
 - Level 2.1 Dodging
 - Level 10.5 Stealth
 - Level 2.0 Spellcasting
 + Level 5.0 Hexes
 - Level 1.7 Ice Magic


You had one spell level left.
You knew the following spells:

 Your Spells              Type           Power        Failure   Level  Hunger
a - Corona                Hex            ###....      1%          1    #......
b - Ensorcelled Hibernat  Hex/Ice        ###...       6%          2    ##.....
c - Confuse               Hex            ###.....     6%          3    ###....
d - Tukima's Dance        Hex            ###.....     6%          3    ###....

Your spell library contained the following spells:

 Spells                   Type           Power        Failure   Level  Hunger
 Dazzling Spray           Conj/Hex       ##....       17%         3    ###....


Dungeon Overview and Level Annotations

Branches:
Dungeon (5/15)
 Temple: D:4-7

Altars:
Qazlal
Vehumet

Annotations:
D:5 Prince Ribbit


Innate Abilities, Weirdness & Mutations

You heal slowly.
You have razor-sharp teeth.
You have supernaturally acute eyesight. (SInv)
You can survive without breathing.


Message History

Casting: Confuse (safe; 6% risk of failure)
Confirm with . or Enter, or press ? or * to list all spells.
Aiming: Confuse (safe; 6% risk of failure)
Press: ? - help, Shift-Dir - straight line, f/p - Prince Ribbit
Aim: Prince Ribbit (chance to defeat MR: 34%) Prince Ribbit easily resists.
Prince Ribbit blinks!
Casting: Confuse (safe; 6% risk of failure)
Confirm with . or Enter, or press ? or * to list all spells.
You don't have enough magic to cast that spell.
Casting: Confuse (safe; 6% risk of failure)
Confirm with . or Enter, or press ? or * to list all spells.
Aiming: Confuse (safe; 6% risk of failure)
Press: ? - help, Shift-Dir - straight line, f/p - Prince Ribbit
Aim: Prince Ribbit (chance to defeat MR: 34%) Prince Ribbit easily resists.
You see here a +0 flail.
Prince Ribbit hits you!
* * * LOW HITPOINT WARNING * * *
You feel yourself speed up. Prince Ribbit hits you!
You die...

##########...##.##......# .....
### #......#.##.##......#
.....##.###.#.#...<.......#####
......#.#.#........##.###[#
......#...#.#..#...##.###.#
......#................##.#
......#...#............##.#
......#...#.....##..<.....#
###.<#[..#.....@F.....####
#...........8..##....##
#....................#
#........#.....##.#..#
#######.............>#
#####'########.# .... ..#
...... .# .o..) ..


You could see Prince Ribbit.

Vanquished Creatures
  An orc warrior (D:5)
  A phantom (D:3)
  An ogre (D:2)
  2 scorpions
  A hound (D:4)
  A gnoll shaman (D:5)
  3 jellies (D:2)
  Terence (D:2)
  Natasha (thrice) (D:2)
  A worker ant (D:4)
  A worker ant zombie (D:5)
  7 gnolls
  A howler monkey skeleton (D:5)
  6 adders
  8 oozes
  2 adder skeletons (D:4)
  An adder zombie (D:5)
  A worm (D:3)
  A dart slug (D:1)
  2 leopard geckos
  5 orcs
  2 giant cockroaches
  7 goblins
  2 hobgoblins (D:1)
  11 jackals
  2 quokkas (D:4)
  7 bats
  3 frilled lizards
  14 kobolds
  A leopard gecko skeleton (D:4)
  A quokka skeleton (D:5)
  10 rats
110 creatures vanquished.

Vanquished Creatures (others)
  2 fungi (D:2)
  11 toadstools (D:2)
13 creatures vanquished.

Grand Total: 123 creatures vanquished

Notes
Turn   | Place    | Note
-------+----------+-------------------------------------------
     0 | D:1      | HASTUR3 the Vampire Enchanter began the quest for the Orb.
     0 | D:1      | Reached XP level 1. HP: 13/13 MP: 3/3
   688 | D:1      | Reached XP level 2. HP: 18/19 MP: 1/5
   690 | D:1      | Reached skill level 5 in Stealth
   758 | D:1      | Reached skill level 5 in Hexes
   763 | D:1      | Learned a level 2 spell: Ensorcelled Hibernation
  1079 | D:1      | Reached skill level 1 in Ice Magic
  1222 | D:1      | Reached XP level 3. HP: 24/24 MP: 6/6
  1678 | D:2      | Reached skill level 6 in Stealth
  1733 | D:2      | Noticed Terence
  1740 | D:2      | Killed Terence
  1740 | D:2      | Reached XP level 4. HP: 30/30 MP: 7/7
  1758 | D:2      | Noticed Natasha
  1769 | D:2      | Killed Natasha
  1769 | D:2      | Reached skill level 7 in Stealth
  2016 | D:2      | Noticed an ogre
  2459 | D:2      | Reached XP level 5. HP: 24/35 MP: 1/8
  2511 | D:2      | Noticed Natasha
  2527 | D:2      | Killed Natasha
  2527 | D:2      | Reached skill level 8 in Stealth
  2681 | D:2      | Reached skill level 9 in Stealth
  3319 | D:2      | Reached XP level 6. HP: 16/41 MP: 2/9
  3810 | D:2      | Noticed Natasha
  3817 | D:2      | Killed Natasha
  3842 | D:2      | Reached skill level 10 in Stealth
  3847 | D:2      | Learned a level 3 spell: Confuse
  3851 | D:2      | Learned a level 3 spell: Tukima's Dance
  3866 | D:3      | Found a radiant altar of Vehumet.
  5004 | D:3      | Reached XP level 7. HP: 46/46 MP: 1/10
  5684 | D:4      | Found a stormy altar of Qazlal.
  5783 | D:5      | Entered Level 5 of the Dungeon
  5799 | D:5      | Reached skill level 5 in Short Blades
  7268 | D:5      | Noticed Prince Ribbit
  7910 | D:5      | Slain by Prince Ribbit

Skill      XL: |  1  2  3  4  5  6  7 |
---------------+----------------------+-----
Stealth        | 5 6 7 9 10 | 10.5
Hexes          | 5 |  5.0
Ice Magic      | 1 |  1.7
Short Blades   | 3 6 |  6.4
Dodging        | |  2.1
Spellcasting   | |  2.0

Action                   |  1- 3 |  4- 6 |  7- 9 || total
-------------------------+-------+-------+-------++-------
Melee: Dagger            |   117 |   120 |   100 ||   337
       Bite              |     4 |     8 |    12 ||    24
 Cast: Corona            |    11 |    13 |     3 ||    27
       Ensorcelled Hiber |     6 |    30 |    25 ||    61
       Confuse           |       |    11 |    12 ||    23
  Use: Potion            |     2 |     6 |     7 ||    15
 Stab: Sleeping          |    18 |    20 |    23 ||    61
       Distracted        |     1 |     7 |     2 ||    10
       Confused          |       |     3 |       ||     3
Armor: Robe              |    19 |    19 |     8 ||    46
Dodge: Dodged            |    71 |    68 |    67 ||   206
